 Dungeon Crawl Stone Soup version 0.30-a0-760-g5a9884bb7c (webtiles) character file.

Game seed: 4228269627202063371

113771 Zenkrye the Spry (level 17, -2/146 HPs)
             Began as a Human Cinder Acolyte on Feb 9, 2023.
             Was a High Priest of Ignis.
             Slain by a black mamba (10 damage)
             ... on level 2 of the Snake Pit on Feb 10, 2023.
             The game lasted 01:52:19 (27375 turns).

Zenkrye the Spry (Human Cinder Acolyte)            Turns: 27375, Time: 01:52:19

Health: -2/146     AC: 21    Str: 23    XL:     17   Next: 19%
Magic:  20/20      EV: 12    Int: 17    God:    Ignis [*****.]
Gold:   1710       SH:  6    Dex:  8    Spells: 18/20 levels left

rFire   + . .      SeeInvis +    H - +4 trident (venom)
rCold   . . .      Faith    .    L - +2 buckler
rNeg    + . .      Spirit   .    Y - +2 plate armour {rPois}
rPois   +          Reflect  .    o - +0 hat of Spite {rN+ Regen+ Str+2 SInv}
rElec   .          Harm     .    y - +2 cloak {Will+}
rCorr   .          Rampage  .    j - +0 pair of gloves
Will    +++..                    l - +0 pair of boots
Stlth   x                          - amulet of regeneration
HPRegen 2.04/turn                C - ring of willpower
MPRegen 0.17/turn                v - +5 ring of evasion

@: mighty, about to teleport, hasted, constricted, studying Dodging, very quick
A: no striking features
a: Renounce Religion, Fiery Armour, Foxfire Swarm, Rising Flame


You were on level 2 of the Snake Pit.
You worshipped Ignis.
Ignis was extremely pleased with you.
You visited 5 branches of the dungeon, and saw 27 of its levels.

You collected 2892 gold pieces.
You spent 1182 gold pieces at shops.

Inventory:

Hand Weapons
 k - a +4 spectral spear
 A - a +2 vampiric spear
 H - a +4 trident of venom (weapon)
Missiles
 d - 5 throwing nets {!f}
 f - 3 atropa-tipped darts
 t - 41 poisoned darts
 z - 4 javelins
 N - 16 boomerangs (quivered)
 R - 7 curare-tipped darts
Armour
 j - a +0 pair of gloves (worn)
 l - a +0 pair of boots (worn)
 o - the +0 hat of Spite (worn) {rN+ Regen+ Str+2 SInv}
   (You found it on level 13 of the Dungeon)

   Str:       It affects your strength (+2).
   rN:        It protects you from negative energy.
   SInv:      It lets you see invisible.
   Regen:     It increases your rate of health regeneration.
 u - a +2 scale mail of fire resistance
 y - a +2 cloak of willpower (worn)
 L - a +2 buckler (worn)
 Y - a +2 plate armour of poison resistance (worn)
Jewellery
 c - a ring of protection from cold
 r - a ring of resist corrosion
 v - a +5 ring of evasion (right hand)
 w - a ring of wizardry
 x - an amulet of regeneration (around neck)
 C - a ring of willpower (left hand)
 G - a +6 ring of dexterity
 P - a ring of flight
Wands
 m - a wand of roots (8)
 n - a wand of mindburst (18)
 E - a wand of flame (46)
 J - a wand of digging (7) {@v1}
 U - a wand of light (6)
Scrolls
 i - 5 scrolls of identify {@r1}
 p - 2 scrolls of teleportation {@r3}
 s - 4 scrolls of amnesia
 B - 2 scrolls of immolation
 M - 4 scrolls of enchant armour
 Q - 3 scrolls of enchant weapon
 S - a scroll of poison
 W - 2 scrolls of magic mapping
Potions
 a - 5 potions of flight
 b - 7 potions of mutation
 e - 5 potions of brilliance
 g - a potion of ambrosia
 h - 4 potions of cancellation
 q - 8 potions of curing {@q1}
 F - 3 potions of haste {@q3}
 I - a potion of magic
 K - 3 potions of might {@q4}
 T - a potion of berserk rage
Miscellaneous
 D - a lightning rod (4/4)
 O - a tin of tremorstones (inert)


   Skills:
 + Level 16.6 Fighting
 - Level 14.0 Polearms
 + Level 7.7 Armour
 + Level 18.0 Dodging
 - Level 5.0 Stealth
 + Level 5.9 Shields
 - Level 2.0 Spellcasting
 - Level 10.0 Fire Magic
 + Level 6.6 Evocations


You had 18 spell levels left.
You knew the following spells:

 Your Spells              Type           Power      Damage    Failure   Level
a - Scorch                Fire           70%        2d9       9%          2

Your spell library contained the following spells:

 Spells                   Type           Power      Damage    Failure   Level
 Sting                    Tmut/Pois      4%         1d3       98%         1
 Cigotuvi's Dreadful Rot  Necr/Pois/Air  2%         N/A       99%         2
 Ensorcelled Hibernation  Hex/Ice        2%         N/A       99%         2
 Lesser Beckoning         Tloc           2%         N/A       99%         2
 Poisonous Vapours        Pois/Air       2%         N/A       99%         2
 Dazzling Flash           Conj/Hex       2%         N/A       100%        3
 Gell's Gravitas          Tloc           1%         N/A       100%        3
 Hailstorm                Conj/Ice       1%         3d3       100%        3
 Mephitic Cloud           Conj/Pois/Air  1%         N/A       100%        3
 Ozocubu's Armour         Ice            1%         N/A       100%        3
 Spider Form              Tmut/Pois      1%         N/A       100%        3
 Teleport Other           Tloc           1%         N/A       100%        3
 Vhi's Electric Charge    Tloc/Air       2%         N/A       100%        3
 Anguish                  Hex/Necr       0%         N/A       100%        4
 Animate Armour           Summ/Erth      2%         N/A       100%        4
 Ice Form                 Ice/Tmut       1%         N/A       100%        4
 Leda's Liquefaction      Hex/Erth       0%         N/A       100%        4
 Olgreb's Toxic Radiance  Pois           1%         N/A       100%        4
 Summon Lightning Spire   Summ/Air       1%         N/A       100%        4
 Arcjolt                  Conj/Air       0%         1d10      100%        5
 Lee's Rapid Deconstruct  Erth           0%         3d4*      100%        5
 Summon Mana Viper        Hex/Summ       1%         N/A       100%        5
 Yara's Violent Unravell  Hex/Tmut       0%         3d3       100%        5
 Simulacrum               Ice/Necr       0%         N/A       100%        6
 Statue Form              Tmut/Erth      0%         N/A       100%        6
 Ozocubu's Refrigeration  Ice            0%         4d7       100%        7
 Storm Form               Tmut/Air       0%         N/A       100%        7
 Maxwell's Capacitive Co  Air            0%         ∞         100%        8


Dungeon Overview and Level Annotations

Branches:
Dungeon (15/15)            Temple (0/1) D:4            Lair (5/5) D:11
 Shoals (3/4) Lair:3        Snake (2/4) Lair:2        Slime (0/5) Lair:5
    Orc (2/2) D:11            Elf (0/3) Orc:2        Vaults (0/5) D:13
 Depths (0/4) D:15

Altars:
Ashenzari
Dithmenos
Elyvilon
Fedhas
Gozag
Hepliaklqana
Kikubaaqudgha
Makhleb
Nemelex Xobeh
Okawaru
Ru
Sif Muna
Trog
Uskayaw
Vehumet
Wu Jian
Yredelemnul
Zin
The Shining One
Jiyva
Lugonu

Shops:
D:4 !   D:7 *   Orc:2 !=*[(   Snake:1 =:=

Portals:
Abyss: Shoals:2

Annotations:
D:3 1 runed translucent door, Crazy Yiuf
D:5 1 runed translucent door, Esekla's ghost, weakling OpDe
D:9 3 runed translucent doors, Darius099's ghost, novice MiFi
D:12 cforsyth's ghost, journeyman TeSu
Lair:2 2 transporters, Pacea's ghost, journeyman OpWn
Lair:5 2 runed translucent doors, Sonja
Shoals:3 Ilsuiw; Mlioglotl
Snake:1 Nikola
Orc:1 exclusion: oklob plant


Message History

You feel sick. The naga hits you with a +0 war axe!
You block the naga's attack.
The guardian serpent hits you but does no damage.
The naga warrior roars a battlecry!
The nagas go into a battle-frenzy!
The naga warrior constricts you. The naga mage barely misses you.
The naga warrior spits poison at you.
The splash of poison hits you but does no damage.
You resist. The black mamba bites you!
You closely miss the guardian serpent.
The guardian serpent is heavily wounded.
You feel sick.
The shock serpent bites you but does no damage.
You puncture the naga warrior!
The naga warrior is severely wounded.
The black mamba closely misses you.
You block the guardian serpent's attack.
The naga hits you with a +0 war axe!!
* * * LOW HITPOINT WARNING * * *
The naga warrior roars a battlecry!
The naga warrior goes into a battle-frenzy!
The naga warrior hits you but does no damage.
The naga warrior constricts you. The naga mage spits poison at you.
The splash of poison hits you but does no damage.
You resist. The naga hits you but does no damage. The shock serpent bites you.
* * * LOW HITPOINT WARNING * * *
The shock serpent shocks you!
* * * LOW HITPOINT WARNING * * *
As you read the scroll of teleportation {@r3}, it crumbles to dust.
You feel strangely unstable.
You feel sick. The black mamba barely misses you.
The guardian serpent hits you but does no damage.
The shock serpent bites you!
* * * LOW HITPOINT WARNING * * *
The shock serpent shocks you!
* * * LOW HITPOINT WARNING * * *
Okay, then.
Okay, then.
You feel better. The black mamba bites you!
You die...

...... ##....
......###......
...............
...............
...............
.....N.........
......SNS......
......N@†......
......NSN......
...$..###......
...... ......
##### #####


You could see 2 naga warriors, a shock serpent, a guardian serpent (very
poisoned), a black mamba (curare), a naga mage (strong, catching breath) and 2
nagas.

Vanquished Creatures
  Gastronok (Lair:1)
  Kirke (D:13)
  An orc warlord (Orc:2)
  2 merfolk impalers
  A merfolk javelineer (Shoals:3)
  Fannar (D:11)
  An ogre mage (D:15)
  A boulder beetle (D:15)
  A catoblepas (Lair:4)
  7 hydras
  8 centaur warriors
  An alligator snapping turtle (Shoals:1)
  7 anacondas
  6 two-headed ogres
  A naga warrior (Snake:1)
  2 shock serpents
  A naga sharpshooter (Snake:1)
  A deep elf knight (D:14)
  An orc high priest (Orc:2)
  Lodul (D:12)
  8 sea snakes
  2 skysharks
  A lindwurm (Lair:5)
  A wizard (D:14)
  4 orc knights (Orc:2)
  13 harpies
  3 deep elf pyromancers
  7 orc sorcerers
  3 ugly things (D:14)
  2 necromancers
  A mana viper (Snake:1)
  A mana viper (shapeshifter) (D:14)
  A wolf spider (D:15)
  7 fauns
  A salamander (Snake:2)
  8 cyclopes
  14 black mambas
  11 manticores
  7 merfolk sirens
  An elephant (Lair:2)
  3 molten gargoyles (Lair:5)
  2 gargoyles
  2 naga magi
  A black mamba (shapeshifter) (D:15)
  7 cane toads
  14 komodo dragons
  A tengu conjurer (D:14)
  An unseen horror (D:10)
  5 kobold demonologists
  2 polar bears
  2 hornets
  18 merfolk
  8 blink frogs (Lair:2)
  2 wind drakes (Shoals:2)
  10 trolls
  Grinder (D:3)
  6 dream sheep (Shoals:2)
  3 snapping turtles
  Prince Ribbit (D:9)
  2 slime creatures
  2 wraiths
  A water elemental (Shoals:1)
  5 hogs (D:13)
  61 yaks
  14 wyverns
  A yak (shapeshifter) (D:14)
  A steam dragon (D:4)
  5 basilisks
  A redback (shapeshifter) (D:14)
  3 vampire mosquitoes (D:12)
  11 nagas
  2 acid dragons (D:10)
  3 wargs (Orc:2)
  12 water moccasins
  3 hell hounds (Lair:5)
  2 ice beasts (D:8)
  14 ogres
  2 black bears
  A black bear (shapeshifter) (D:15)
  24 orc warriors
  26 wolves
  12 centaurs
  3 phantoms
  5 kobold brigands
  11 bullfrogs
  8 scorpions
  An electric eel (Lair:4)
  3 howler monkeys (D:7)
  A crimson imp (D:6)
  6 lava snakes
  14 orc priests
  5 hounds
  A gnoll bouda (D:8)
  A jelly (D:3)
  3 iguanas
  Ijyb (D:3)
  21 orc wizards
  A boggart simulacrum (D:14)
  Robin (D:3)
  21 adders
  11 gnolls
  7 white imps
  3 worms
  4 dart slugs (D:1)
  50 orcs
  12 endoplasms
  4 giant cockroaches
  21 goblins
  20 hobgoblins
  3 jackals (D:3)
  7 quokkas
  5 ball pythons
  7 bats
  3 frilled lizards
  16 kobolds
  7 rats
  3 lurking horrors (Shoals:2)
729 creatures vanquished.

Vanquished Creatures (others)
  A hell hound (Lair:5)
  4 centaurs (D:11)
  66 fungi
  105 plants
176 creatures vanquished.

Grand Total: 905 creatures vanquished

Notes
Turn   | Place    | Note
-------+----------+-------------------------------------------
     0 | D:1      | Zenkrye the Human Cinder Acolyte began the quest for the
                  | Orb.
     0 | D:1      | Reached XP level 1. HP: 18/18 MP: 2/2
    58 | D:1      | Reached XP level 2. HP: 24/24 MP: 3/3
    93 | D:1      | Learned a level 2 spell: Scorch
   301 | D:1      | Reached XP level 3. HP: 29/29 MP: 4/4
   626 | D:1      | Found a faded altar of an unknown god.
   846 | D:2      | Found a shadowy altar of Dithmenos.
   921 | D:2      | Reached XP level 4. HP: 15/35 MP: 1/5
  1819 | D:2      | Identified a scroll of acquirement
  1819 | D:2      | Acquired an amulet of guardian spirit
  1883 | D:3      | Reached XP level 5. HP: 38/41 MP: 7/7
  1925 | D:3      | Noticed Robin
  2029 | D:3      | Killed Robin
  2288 | D:3      | Noticed Grinder
  2484 | D:4      | Noticed an ogre
  2496 | D:3      | Killed an ogre
  2497 | D:3      | Reached skill level 5 in Fire Magic
  2497 | D:3      | Reached XP level 6. HP: 17/47 MP: 0/9
  2625 | D:3      | Reached skill level 5 in Polearms
  2834 | D:4      | Noticed a steam dragon
  2853 | D:3      | Noticed Ijyb
  2853 | D:3      | Paralysed by Ijyb for 4 turns
  2895 | D:3      | Killed Ijyb
  2896 | D:3      | Reached XP level 7. HP: 29/52 MP: 0/10
  3617 | D:3      | Paralysed by Grinder for 2 turns
  3623 | D:3      | Killed Grinder
  3866 | D:3      | Found a runed translucent door.
  3867 | D:3      | Noticed Crazy Yiuf
  3951 | D:4      | Killed a steam dragon
  3952 | D:4      | Reached XP level 8. HP: 57/58 MP: 0/11
  4381 | D:4      | Identified the +6 great sword of the Mauling Gods {elec,
                  | rCorr}
  4479 | D:4      | Found a radiant altar of Vehumet.
  4632 | D:4      | Found a staircase to the Ecumenical Temple.
  4922 | D:4      | Found a basalt altar of Yredelemnul.
  5001 | D:4      | Found Liril's Distillery.
  5047 | D:5      | Entered Level 5 of the Dungeon
  5051 | D:5      | Got the Guide on Dusty Curses
  5609 | D:5      | Found a broken altar of Ashenzari.
  5711 | D:5      | Found a runed translucent door.
  5712 | D:5      | Noticed Esekla's ghost (weakling OpDe)
  5777 | D:5      | Reached XP level 9. HP: 54/63 MP: 9/12
  5874 | D:5      | Reached skill level 10 in Polearms
  6249 | D:6      | Found a hide-covered altar of Uskayaw.
  6328 | D:6      | Reached skill level 1 in Stealth
  6424 | D:6      | Found an opulent altar of Gozag.
  6449 | D:6      | Found a bloodstained altar of Trog.
  6499 | D:6      | Found an ornate altar of the Wu Jian Council.
  6534 | D:6      | Found a white marble altar of Elyvilon.
  6655 | D:6      | Found a burning altar of Makhleb.
  6684 | D:6      | Found a sparkling altar of Nemelex Xobeh.
  6875 | D:6      | Found a sacrificial altar of Ru.
  7148 | D:7      | Noticed a gargoyle
  7175 | D:7      | Killed a gargoyle
  7176 | D:7      | Reached skill level 1 in Armour
  7176 | D:7      | Reached skill level 1 in Dodging
  7176 | D:7      | Reached XP level 10. HP: 65/70 MP: 7/13
  7258 | D:7      | Found a glowing silver altar of Zin.
  7259 | D:7      | Noticed an angel
  7300 | D:7      | Found Soiqaschin's Assorted Antiques.
  7485 | D:7      | Found an ancient bone altar of Kikubaaqudgha.
  7486 | D:7      | Found a blossoming altar of Fedhas.
  7983 | D:8      | Reached skill level 2 in Dodging
  7983 | D:8      | Reached skill level 5 in Stealth
  8078 | D:8      | Noticed a two-headed ogre
  8096 | D:8      | Killed a two-headed ogre
  8097 | D:8      | Reached skill level 1 in Evocations
  8567 | D:8      | Reached skill level 3 in Dodging
  8775 | D:9      | Noticed Prince Ribbit
  8775 | D:9      | Noticed a two-headed ogre
  8775 | D:9      | Found a radiant altar of Vehumet.
  8801 | D:8      | Killed a two-headed ogre
  8802 | D:8      | Reached skill level 1 in Shields
  8895 | D:9      | Found a runed translucent gate.
  8895 | D:9      | Found a runed translucent gate.
  8895 | D:9      | Found a runed translucent gate.
  8900 | D:9      | Noticed Darius099's ghost (novice MiFi)
  8902 | D:9      | Identified the +7 plate armour of Tulips {rPois rN+ Dex+3
                  | Slay-4}
  8947 | D:9      | Reached XP level 11. HP: 77/78 MP: 14/14
  8969 | D:9      | Killed Prince Ribbit
  9010 | D:9      | Noticed a centaur warrior
  9024 | D:9      | Identified the +11 scale mail of Hedge Wizardry {rC+}
  9079 | D:9      | Found a shimmering blue altar of Sif Muna.
  9138 | D:9      | Reached skill level 5 in Fighting
  9375 | D:9      | Noticed a centaur warrior
  9457 | D:10     | Entered Level 10 of the Dungeon
  9878 | D:10     | Reached skill level 4 in Dodging
  9999 | D:10     | Found a hazy altar of Hepliaklqana.
 10000 | D:10     | Found a shadowy altar of Dithmenos.
 10834 | D:11     | Reached skill level 5 in Armour
 10851 | D:11     | Reached skill level 5 in Dodging
 10941 | D:11     | Found a staircase to the Lair.
 10981 | D:11     | Noticed a two-headed ogre
 11026 | D:11     | Killed a two-headed ogre
 11202 | D:11     | Reached XP level 12. HP: 89/89 MP: 15/15
 11206 | D:11     | Noticed a centaur warrior
 11214 | D:11     | Reached skill level 5 in Shields
 11229 | D:11     | Killed a centaur warrior
 11267 | D:11     | Acquired a manual of Dodging
 11414 | D:11     | Noticed Fannar
 11425 | D:11     | Noticed a centaur warrior
 11458 | D:11     | Killed Fannar
 11459 | D:11     | Reached skill level 6 in Dodging
 11470 | D:11     | Killed a centaur warrior
 11556 | D:11     | Noticed a two-headed ogre
 11556 | D:11     | You fall into a shaft and drop 3 floors!
 11586 | D:13     | Found a gate leading to a gauntlet.
 11829 | D:12     | Noticed a sun demon
 11831 | D:12     | Reached skill level 7 in Dodging
 12083 | D:11     | Found a staircase to the Orcish Mines.
 12221 | D:10     | Killed a two-headed ogre
 12361 | D:11     | Noticed a soul eater
 12505 | Lair:1   | Entered Level 1 of the Lair of Beasts
 12584 | Lair:1   | Reached skill level 8 in Dodging
 13221 | Lair:1   | Reached skill level 9 in Dodging
 13281 | Lair:1   | Reached XP level 13. HP: 100/100 MP: 16/16
 13583 | Lair:1   | Noticed Gastronok
 13625 | Lair:1   | Killed Gastronok
 13626 | Lair:1   | Reached skill level 10 in Dodging
 13626 | Lair:1   | Reached skill level 10 in Fire Magic
 13997 | Lair:2   | Found a transporter.
 14013 | Lair:2   | Reached skill level 10 in Fighting
 14072 | Lair:2   | Found a transporter.
 14082 | Lair:2   | Found a bloodstained altar of Trog.
 14095 | Lair:2   | Noticed Pacea's ghost (journeyman OpWn)
 14227 | Lair:2   | Noticed a seven-headed hydra
 14236 | Lair:2   | Killed a seven-headed hydra
 15318 | Lair:2   | Found a staircase to the Snake Pit.
 15949 | Lair:3   | Found a staircase to the Shoals.
 16722 | Lair:4   | Reached XP level 14. HP: 104/116 MP: 17/17
 16918 | Lair:4   | Found an ornate altar of the Wu Jian Council.
 17325 | Lair:5   | Entered Level 5 of the Lair of Beasts
 17532 | Lair:5   | Found a viscous altar of Jiyva.
 17532 | Lair:5   | Found a staircase to the Slime Pits.
 17544 | Lair:5   | Reached skill level 11 in Dodging
 17956 | Lair:5   | Found a large runed translucent door.
 17956 | Lair:5   | Found a large runed translucent door.
 18034 | Lair:5   | Reached skill level 12 in Dodging
 18352 | Lair:5   | Noticed Sonja
 18474 | Orc:1    | Entered Level 1 of the Orcish Mines
 18543 | Orc:1    | Paralysed by an orc sorcerer for 2 turns
 19049 | Orc:2    | Entered Level 2 of the Orcish Mines
 19066 | Orc:2    | Found Mumm's Antique Armour Emporium.
 19202 | Orc:2    | Found Lehyu's Jewellery Shoppe.
 19340 | Orc:2    | Reached skill level 13 in Dodging
 19377 | Orc:2    | Found Foustaj's Distillery.
 19557 | Orc:2    | Noticed an orc warlord
 19621 | Orc:2    | Killed an orc warlord
 19688 | Orc:2    | Found Ruddakh's Antique Weapon Shop.
 19701 | Orc:2    | Found a staircase to the Elven Halls.
 19726 | Orc:2    | Found Bacwevaq's General Store.
 19770 | Orc:2    | Reached XP level 15. HP: 126/126 MP: 18/18
 19988 | Orc:2    | Bought a scroll of enchant armour for 90 gold pieces
 19988 | Orc:2    | Bought a scroll of enchant armour for 90 gold pieces
 19988 | Orc:2    | Bought a scroll of blinking for 90 gold pieces
 20169 | D:4      | Bought a potion of heal wounds for 65 gold pieces
 20169 | D:4      | Bought a potion of might for 52 gold pieces
 20350 | Orc:2    | Bought a potion of mutation for 120 gold pieces
 20350 | Orc:2    | Bought a potion of might for 60 gold pieces
 20350 | Orc:2    | Bought a potion of haste for 150 gold pieces
 20350 | Orc:2    | Bought a potion of haste for 150 gold pieces
 20364 | Orc:2    | Bought an ichor-stained scale mail for 315 gold pieces
 20364 | Orc:2    | Identified the +6 scale mail "Cageorpho" {Harm rPois rC+}
                  | (You bought it in a shop on level 2 of the Orcish Mines)
 20507 | D:12     | Found a runed translucent gate.
 20508 | D:12     | Found a runed translucent gate.
 20509 | D:12     | Found a runed translucent gate.
 20509 | D:12     | Noticed cforsyth's ghost (journeyman TeSu)
 20561 | D:12     | Noticed Lodul
 20573 | D:12     | Killed Lodul
 21512 | D:13     | Reached skill level 14 in Dodging
 21589 | D:13     | Noticed Kirke
 21639 | D:13     | Found a gate to the Vaults.
 21738 | D:13     | Identified the +0 hat of Spite {rN+ Regen+ Str+2 SInv}
 21956 | D:13     | Killed Kirke
 22104 | D:14     | Reached skill level 15 in Fighting
 22104 | D:14     | Reached skill level 15 in Dodging
 22709 | D:15     | Entered Level 15 of the Dungeon
 22759 | D:15     | Reached skill level 16 in Dodging
 22839 | D:15     | Found a staircase to the Depths.
 22883 | D:15     | Paralysed by a hornet for 1 turns
 23313 | D:15     | Upgraded the game from 0.30-a0-757-ga6a79fd877 to
                  | 0.30-a0-760-g5a9884bb7c
 23455 | Shoals:1 | Entered Level 1 of the Shoals
 23455 | Shoals:1 | Found a glowing golden altar of the Shining One.
 23461 | Shoals:1 | Reached XP level 16. HP: 121/137 MP: 19/19
 24291 | Shoals:1 | Found an iron altar of Okawaru.
 24648 | Snake:1  | Entered Level 1 of the Snake Pit
 24680 | Snake:1  | Reached skill level 17 in Dodging
 24851 | Snake:1  | Noticed Nikola
 25099 | Shoals:2 | Reached skill level 5 in Evocations
 25263 | Shoals:2 | Found a one-way gate to the infinite horrors of the Abyss.
 25314 | Shoals:2 | Found a corrupted altar of Lugonu.
 26298 | Shoals:3 | Noticed Ilsuiw
 26298 | Shoals:3 | Noticed Mlioglotl
 26613 | Snake:1  | Found Oroph's Jewellery Boutique.
 26614 | Snake:1  | Found Utoa's Book Shoppe.
 26616 | Snake:1  | Found Ceafesh's Jewellery Boutique.
 26702 | Snake:1  | Reached XP level 17. HP: 78/145 MP: 20/20
 27103 | Snake:2  | Reached skill level 18 in Dodging
 27374 | Snake:2  | HP: 1/146 [shock serpent (12)]
 27375 | Snake:2  | Slain by a black mamba

Illustrated notes

Levels and vault maps discovered:
D:1:      erik_arrival_blinker_ship, layout_loops_ring,
          hellmonk_ecumenical_altar_heavens_door, grunt_decor_mini_mirrors,
          minmay_heptomino_w4
D:2:      cheibrodos_greedy_goblins, layout_basic, basic_altar
D:3:      layout_basic, uniq_grinder, uniq_crazy_yiuf_cottage, uniq_robin,
          uniq_ijyb
D:4:      layout_basic, marbit_many_paths, minmay_temple_entry_ruins,
          serial_shops, kennysheep_mini, dreamdust_mushroom_princess,
          minmay_ruined_shrine
D:5:      layout_loops_corners, mainiacjoe_overflow_alcove_4,
          hellmonk_ghost_happy_afterlife, dreamdust_gnoll_farm
D:6:      layout_rooms, elyvilon_altar_5, mainiacjoe_overflow_boulevard,
          lemuel_round_altar, nicolae_ru_the_path_less_chosen,
          makhleb_grotto_becter, mainiacjoe_overflow_paths, trog_hazing_becter,
          nicolae_uskayaw_suspiria
D:7:      old_forge, layout_basic, grunt_temple_overflow_growth_and_decay,
          zin_angel, serial_shops, kennysheep_little_box,
          chequers_serial_rivers_large_a
D:8:      layout_basic, grunt_ministairs_14, kennysheep_path_1
D:9:      layout_long_grid, minmay_overflow_temple_star_hex,
          vehumet_altar_wand_db, general_overflow_altar,
          biasface_ghost_orc_armoury, kb_rosetta, uniq_harold,
          uniq_prince_ribbit1, uniq_psyche, uniq_erolcha
D:10:     layout_loops_ring, riverfiend_overflow_shadow_ancestor
D:11:     layout_rooms, minmay_lair_entry_grove, amcnicky_mini_pool_medium,
          uniq_fannar
D:12:     layout_loops_cross, gammafunk_ghost_hydra_chop, uniq_lodul
D:13:     layout_basic, david_vaults_1, gauntlet_entry_generic,
          reono_crystal_passage, uniq_kirke
D:14:     layout_cave_pools, small_statue_intersection, minivault_28
D:15:     hangedman_depths_entry_try_elsewhere_first, layout_rooms,
          minmay_misc_feat_roman
Lair:1:   layout_misc_corridors, uniq_gastronok
Lair:2:   nzn_winding_woodlands_three_and_one
          [nzn_winding_woodlands_5x15_garden,
          nzn_winding_woodlands_5x15_pathside_ponds,
          nzn_winding_woodlands_5x15_default,
          nzn_winding_woodlands_center_garden], layout_cave_pods,
          nicolae_snake_entry_squirm, gammafunk_ghost_wrathful_warriors
Lair:3:   layout_chaotic_city, elwin_shoals_entry_rocks, minmay_holes,
          grunt_megastairs_2
Lair:4:   minmay_lair_venomous_thicket, layout_misc_corridors, basic_altar,
          lemuel_fruit_tree, infiniplex_staircase_pool
Lair:5:   cheibrodos_lair_end_hotspot, layout_small_grid, slime_entry_1,
          infiniplex_staircase_pool_2, uniq_sonja
Shoals:1: layout_shoals, serial_shops, shop, hangedman_feature_mirror
Shoals:2: layout_shoals, amcnicky_altar_lugonu_corruption
Shoals:3: layout_shoals, uniq_ilsuiw, uniq_mlioglotl
Snake:1:  layout_gridlike, nicolae_snake_snakewalk, grunt_megastairs_5,
          minmay_shop_grove, uniq_nikola, uniq_asterion
Snake:2:  layout_grid_shapes, serial_bayou_shore_b
Orc:1:    layout_caves, mines3_lemuel
Orc:2:    grunt_orc_gardens, layout_diamond_mine, grunt_orc_garden,
          grunt_orc_garden, grunt_orc_garden, grunt_orc_garden, serial_shops,
          shop, mines1_david

Skill      XL: |  1  2  3  4  5  6  7  8  9 10 11 12 13 14 15 16 17 |
---------------+----------------------------------------------------+-----
Fire Magic     | 4 5 7 9 10 | 10.0
Polearms       | 4 5 7 9 11 12 13 14 | 14.0
Spellcasting   | 2 |  2.0
Stealth        | 4 5 |  5.0
Armour         | 1 3 5 7 |  7.7
Dodging        | 1 3 5 9 10 13 16 17 18 | 18.0
Fighting       | 4 6 8 12 14 15 16 | 16.6
Evocations     | 2 3 6 |  6.6
Shields        | 1 4 5 |  5.9

Action                     |  1- 3 |  4- 6 |  7- 9 | 10-12 | 13-15 | 16-18 || total
---------------------------+-------+-------+-------+-------+-------+-------++-------
  Melee: Spear             |   126 |   231 |   588 |  1057 |  1976 |    34 ||  4012
         Punch             |       |     2 |     5 |     1 |       |       ||     8
         Unarmed           |       |       |       |       |    18 |       ||    18
         Trident           |       |       |       |       |       |   819 ||   819
  Throw: Dart              |     2 |       |     9 |    60 |    34 |    22 ||   127
         Javelin           |       |       |       |     6 |       |       ||     6
         Boomerang         |       |       |       |       |       |    37 ||    37
   Cast: Scorch            |     1 |    15 |    45 |   116 |    40 |    22 ||   239
  Evoke: Wand              |       |       |       |     6 |     3 |    10 ||    19
         Tin of tremorston |       |       |       |       |     2 |     2 ||     4
    Use: Scroll            |     4 |     4 |    10 |     6 |    10 |     7 ||    41
         Potion            |     1 |     1 |     1 |     1 |     6 |    15 ||    25
   Stab: Invisible         |       |       |       |    10 |       |     6 ||    16
         Distracted        |       |       |       |       |    32 |     2 ||    34
         Sleeping          |       |       |       |       |     3 |       ||     3
         Paralysed         |       |       |       |       |    19 |       ||    19
 Armour: Robe              |     5 |       |       |       |       |       ||     5
         Leather armour    |    16 |    60 |     2 |       |       |       ||    78
         Scale mail        |       |       |   133 |   204 |   238 |    51 ||   626
         Plate armour      |       |       |       |       |       |   206 ||   206
  Dodge: Dodged            |    51 |    94 |   212 |   451 |   814 |   557 ||  2179
  Block: Buckler           |       |       |       |   176 |   343 |   231 ||   750

Table legend: (Time is in decaauts)
 A = Elapsed time spent in this place.
 B = Non-inter-level travel time spent in this place.
 C = Inter-level travel time spent in this place.
 D = Time resting spent in this place.
 E = Time spent auto-exploring this place.
 F = Levels seen in this place.
 G = Mean time per level.
                   A        B        C        D        E       F      G
               +--------+--------+--------+--------+--------+-----+--------+
         Total |  25494 |  23661 |   1833 |   2618 |  14855 |  27 |  944.2 |
       Dungeon |  15030 |  13961 |   1069 |   1395 |   9148 |  15 | 1002.0 |
          Lair |   5867 |   5485 |    382 |    475 |   3793 |   5 | 1173.4 |
        Shoals |   2300 |   2169 |    131 |    431 |    930 |   3 |  766.7 |
     Snake Pit |   1010 |    904 |    106 |    294 |    264 |   2 |  505.0 |
  Orcish Mines |   1285 |   1141 |    144 |     22 |    720 |   2 |  642.5 |
               +--------+--------+--------+--------+--------+-----+--------+

Top non-repeatable levels by time:
     D:3: 1862 daAuts
  Lair:2: 1539 daAuts
    D:11: 1419 daAuts
Shoals:2: 1359 daAuts
  Lair:1: 1357 daAuts
    D:10: 1302 daAuts
  Lair:3: 1217 daAuts
     D:2: 1191 daAuts
     D:4: 1146 daAuts
     D:5: 1108 daAuts
     D:8: 1000 daAuts
    D:12: 971 daAuts
  Lair:5: 955 daAuts
     D:7: 918 daAuts
Shoals:1: 868 daAuts
